[Event "Bamberg-Open 2019"]
[Site "Bamberg"]
[Date "2019.05.29"]
[Round "1.2"]
[White "Plat, Vojtech"]
[Black "Guendel, Bernd"]
[Result "1-0"]
[ECO "B30"]
[WhiteElo "2540"]
[BlackElo "2055"]
[Annotator "RC"]
[PlyCount "103"]
[EventDate "2019.05.12"]
[EventType "swiss"]
[EventCountry "GER"]
[SourceTitle "playchess.com"]
[Source "ChessBase"]
[SourceQuality "1"]
[TimeControl "40/5400+30:900+30"]

1. e4 c5 2. Nf3 Nc6 3. c3 d5 4. exd5 Qxd5 5. d4 Bg4 6. Be2 e5 7. dxe5 Bxf3 8. Bxf3 Qxd1+ 9. Bxd1 Nxe5 10. Ba4+ Nd7 11. O-O O-O-O 12. Bb3 f6 13. Be6 Bd6 14. Rd1 Kc7 15. Na3 a6 16. Be3 Ne7 17. Nc4 Ne5 18. Nxe5 fxe5 19. Rd2 Nc6 20. Rad1 Rhe8 21. Bf7 Rf8 22. Be6 Rfe8 23. Bg4 h6 24. a3 e4 25. Bf5 Ne5 26. Rd5 Nc4 27. Bc1 Nb6 28. Rxd6 Rxd6 29. Bf4 Red8 30. Bxe4 Nc4 31. h4 Kb6 32. Bxd6 Rxd6 33. Rxd6+ Nxd6 34. Bd5 c4 35. Kf1 Kc5 36. Bf3 b5 37. Ke2 a5 38. Ke3 b4 39. axb4+ axb4 40. Be4 b3 41. Bg6 Kd5 42. f4 Nb5 43. Bf7+ Kc5 44. g4 Nd6 45. Be6 Nb5 46. g5 Nc7 47. Bf7 Nb5 48. Bg8 hxg5 49. fxg5 Nd6 50. h5 Nf5+ 51. Kf4 Ne7 52. Bf7 {[%emt 0:00:00] Kd5 Ke4+} 1-0

[Event "Bamberg-Open 2019"]
[Site "Bamberg"]
[Date "2019.05.29"]
[Round "1.9"]
[White "Waffenschmidt, Joachim"]
[Black "Scholz, Christian"]
[Result "0-1"]
[ECO "E94"]
[WhiteElo "1983"]
[BlackElo "2372"]
[Annotator "RC"]
[PlyCount "106"]
[EventDate "2019.05.12"]
[EventType "swiss"]
[EventCountry "GER"]
[SourceTitle "playchess.com"]
[Source "ChessBase"]
[SourceQuality "1"]
[TimeControl "40/5400+30:900+30"]

1. d4 Nf6 2. c4 g6 3. Nc3 Bg7 4. e4 d6 5. Nf3 O-O 6. Be2 e5 7. O-O Na6 8. Be3 h6 9. h3 exd4 10. Nxd4 Re8 11. Qc2 Nc5 12. Bf3 Nh7 13. Nb3 Ng5 14. Bxg5 Qxg5 15. Nd5 Ne6 16. Rad1 c6 17. Ne3 h5 18. Kh1 Be5 19. Rfe1 Qf4 20. Nf1 Ng5 21. Re3 Bxh3 22. g3 Qf6 23. Bg2 Bxg2+ 24. Kxg2 Ne6 25. Rf3 Qg7 26. c5 Rad8 27. cxd6 Bxd6 28. Rfd3 Qe5 29. R3d2 Bc7 30. Rxd8 Rxd8 31. Rxd8+ Bxd8 32. Nbd2 Qd4 33. Nf3 Qd6 34. Ne3 b5 35. e5 Qd7 36. Qe4 Bb6 37. b4 a5 38. a3 Kg7 39. Nc2 c5 40. bxa5 Bxa5 41. Ne3 c4 42. a4 bxa4 43. Nxc4 Bb4 44. Nb6 Qb5 45. Nd5 Bc5 46. Nf4 Nxf4+ 47. Qxf4 Qc6 48. Kh2 Be7 49. Nd4 Qd5 50. Nc2 a3 51. g4 Qd3 52. gxh5 Qxc2 53. e6 Qf5 0-1

[Event "Bamberg-Open 2019"]
[Site "Bamberg"]
[Date "2019.05.29"]
[Round "1.13"]
[White "Miettinen, Teemu"]
[Black "Spitzl, Vinzent"]
[Result "0-1"]
[ECO "B92"]
[WhiteElo "2017"]
[BlackElo "2263"]
[Annotator "ChessBase"]
[PlyCount "74"]
[EventDate "2019.05.12"]
[EventType "swiss"]
[EventCountry "GER"]
[SourceTitle "playchess.com"]
[Source "ChessBase"]
[SourceQuality "1"]
[TimeControl "40/5400+30:900+30"]

1. e4 c5 2. Nf3 d6 3. d4 cxd4 4. Nxd4 Nf6 5. Nc3 a6 6. Be2 e5 7. Nf3 h6 8. O-O Be6 9. b3 Nc6 10. Bb2 Be7 11. Re1 O-O 12. h3 Rc8 13. Bf1 Qa5 14. a3 Nb8 15. b4 Qc7 16. Rc1 Qc6 17. b5 axb5 18. Bxb5 Qc5 19. Qe2 Nbd7 20. Nd2 Bd8 21. Nb3 Qc7 22. Red1 Nb6 23. Qf3 Nc4 24. Bxc4 Bxc4 25. Nd5 Nxd5 26. exd5 f5 27. Qh5 Qb6 28. Qg6 Bf6 29. Rb1 Bh4 30. Rd2 Rf6 31. Qh5 Bg5 32. Rdd1 Qa6 33. Nc1 Bxc1 34. Rdxc1 Bxd5 35. f4 Qb6+ 36. Kh1 Qf2 37. Rg1 Rxc2 0-1

[Event "Bamberg-Open 2019"]
[Site "Bamberg"]
[Date "2019.05.29"]
[Round "1.18"]
[White "Mittag, Ralf"]
[Black "Syed, Tareq"]
[Result "0-1"]
[ECO "A16"]
[WhiteElo "2203"]
[BlackElo "2001"]
[Annotator "ChessBase"]
[PlyCount "162"]
[EventDate "2019.05.12"]
[EventType "swiss"]
[EventCountry "GER"]
[SourceTitle "playchess.com"]
[Source "ChessBase"]
[SourceQuality "1"]
[TimeControl "40/5400+30:900+30"]

1. c4 Nf6 2. Nc3 d6 3. g3 e5 4. Bg2 Be7 5. Nf3 c6 6. O-O O-O 7. Rb1 Be6 8. d3 h6 9. h3 Nbd7 10. b3 d5 11. Qc2 d4 12. Na4 Rc8 13. e3 b5 14. Nb2 Qb6 15. exd4 exd4 16. a4 a6 17. Bd2 c5 18. axb5 axb5 19. Ra1 b4 20. Ra2 Bd6 21. Rfa1 Bb8 22. Ra6 Qd8 23. Nh4 g5 24. Nf3 Ne8 25. h4 Nc7 26. Rc6 f6 27. Re1 Bf5 28. hxg5 hxg5 29. Qd1 Re8 30. Nh2 Rxe1+ 31. Bxe1 Qe7 32. Bd2 Re8 33. Qf3 Bh7 34. Ng4 Kg7 35. Qd1 Qe2 36. Bf3 Qxd1+ 37. Bxd1 Re6 38. Bf3 Rxc6 39. Bxc6 Nb6 40. Kf1 Bf5 41. Nh2 Ne6 42. Ke2 Nd8 43. Bg2 Nf7 44. f4 gxf4 45. gxf4 Nd8 46. Kf3 Bd7 47. Kg3 Bc6 48. Bh3 Nb7 49. Bg4 Na5 50. Bd1 Kf7 51. Ng4 Bd6 52. Nf2 f5 53. Nh3 Na8 54. Ng5+ Kf6 55. Bc2 Nc7 56. Nd1 Ne8 57. Nf2 Ng7 58. Kh4 Ne6 59. Nxe6 Kxe6 60. Bd1 Bg2 61. Kg3 Bc6 62. Nh3 Bc7 63. Ng5+ Kf6 64. Be1 Bd6 65. Nh3 Kg6 66. Kh2 Be7 67. Ng1 Bd6 68. Bg3 Bc7 69. Nh3 Bd6 70. Bh4 Kf7 71. Kg3 Ke8 72. Bf6 Kf7 73. Bh8 Kg8 74. Be5 Be7 75. Ng5 Bd7 76. Bc7 Nc6 77. Bf3 Nd8 78. Bd5+ Kf8 79. Kh4 Ba4 80. Bxd8 Bxd8 81. Kh5 Bxg5 0-1

[Event "Bamberg-Open 2019"]
[Site "Bamberg"]
[Date "2019.05.29"]
[Round "1.20"]
[White "Chennaoui, Yasin"]
[Black "Grimm, Pascal"]
[Result "1-0"]
[ECO "A10"]
[WhiteElo "2184"]
[BlackElo "1880"]
[Annotator "ChessBase"]
[PlyCount "51"]
[EventDate "2019.05.12"]
[EventType "swiss"]
[EventCountry "GER"]
[SourceTitle "playchess.com"]
[Source "ChessBase"]
[SourceQuality "1"]
[TimeControl "40/5400+30:900+30"]

1. c4 g6 2. g3 Bg7 3. Bg2 d6 4. Nc3 e5 5. d3 f5 6. e3 Nf6 7. Nge2 O-O 8. O-O Nc6 9. a3 Be6 10. Nd5 Qd7 11. Nec3 Nd8 12. d4 Bxd5 13. Nxd5 Nxd5 14. cxd5 g5 15. dxe5 dxe5 16. Qh5 Bf6 17. e4 f4 18. h4 Qf7 19. Qe2 Be7 20. Bh3 f3 21. Qe3 gxh4 22. Bf5 Kh8 23. Qxf3 hxg3 24. fxg3 Qg7 25. Kg2 Bg5 26. Rh1 1-0

[Event "Bamberg-Open 2019"]
[Site "Bamberg"]
[Date "2019.05.29"]
[Round "1.21"]
[White "Schreiter, Thomas"]
[Black "Syperek, Sebastian"]
[Result "1-0"]
[ECO "A40"]
[WhiteElo "1982"]
[BlackElo "2184"]
[Annotator "ChessBase"]
[PlyCount "77"]
[EventDate "2019.05.12"]
[EventType "swiss"]
[EventCountry "GER"]
[SourceTitle "playchess.com"]
[Source "ChessBase"]
[SourceQuality "1"]
[TimeControl "40/5400+30:900+30"]

1. d4 g6 2. g3 Bg7 3. Bg2 f5 4. Nf3 Nf6 5. O-O O-O 6. c4 d6 7. b3 c6 8. Bb2 Na6 9. Nc3 Qe8 10. Re1 h6 11. a3 e5 12. dxe5 dxe5 13. e4 f4 14. Qd6 Nd7 15. b4 Rf6 16. Qd3 Nc7 17. Ne2 g5 18. gxf4 gxf4 19. Kh1 Qh5 20. Rad1 Rg6 21. Rg1 Nf8 22. Nd2 Bg4 23. Bf3 Qh3 24. Qc3 Qh4 25. Rxg4 Rxg4 26. Bxg4 Qxg4 27. Rg1 Qh5 28. Nxf4 Qf7 29. Qxe5 Nce6 30. Nxe6 Nxe6 31. f4 Kh8 32. Qf5 Qxf5 33. exf5 Bxb2 34. fxe6 Bxa3 35. f5 Bxb4 36. Ne4 Rf8 37. f6 Re8 38. f7 Rxe6 39. c5 1-0

[Event "Bamberg-Open 2019"]
[Site "Bamberg"]
[Date "2019.05.29"]
[Round "1.23"]
[White "Wolf, Pablo"]
[Black "Delitzsch, Juergen"]
[Result "0-1"]
[ECO "B26"]
[WhiteElo "1976"]
[BlackElo "2175"]
[Annotator "ChessBase"]
[PlyCount "64"]
[EventDate "2019.05.12"]
[EventType "swiss"]
[EventCountry "GER"]
[SourceTitle "playchess.com"]
[Source "ChessBase"]
[SourceQuality "1"]
[TimeControl "40/5400+30:900+30"]

1. e4 c5 2. Nc3 Nc6 3. g3 g6 4. Bg2 Bg7 5. d3 d6 6. Be3 Rb8 7. Qd2 b5 8. f4 Nd4 9. Nd1 Qb6 10. c3 Nc6 11. Nf3 Nf6 12. h3 b4 13. O-O bxc3 14. bxc3 O-O 15. Nf2 Qa5 16. Rab1 Rxb1 17. Rxb1 Nh5 18. g4 Bxc3 19. Qc2 Ng7 20. Rc1 Bb4 21. d4 cxd4 22. Bxd4 Nxd4 23. Nxd4 Bd7 24. Nb3 Qb6 25. Qc7 Rd8 26. Qc2 Ne6 27. f5 Nf4 28. Qd1 Qe3 29. Rc2 Rc8 30. Rxc8+ Bxc8 31. Qf3 Qe1+ 32. Bf1 Ba6 0-1

[Event "Bamberg-Open 2019"]
[Site "Bamberg"]
[Date "2019.05.30"]
[Round "2.3"]
[White "Krauseneck, Peter"]
[Black "Stets, Dmitry"]
[Result "1/2-1/2"]
[ECO "A01"]
[WhiteElo "2136"]
[BlackElo "2391"]
[Annotator "ChessBase"]
[PlyCount "61"]
[EventDate "2019.05.12"]
[EventType "swiss"]
[EventCountry "GER"]
[SourceTitle "playchess.com"]
[Source "ChessBase"]
[SourceQuality "1"]
[TimeControl "40/5400+30:900+30"]

1. b3 e5 2. Bb2 d6 3. e3 Nf6 4. d4 Nbd7 5. Nf3 e4 6. Nfd2 d5 7. c4 Bb4 8. a3 Bxd2+ 9. Qxd2 O-O 10. Nc3 c6 11. Be2 Nb6 12. c5 Nbd7 13. f4 b6 14. Na4 a5 15. Bc3 b5 16. Nb2 Ne8 17. Nd1 f5 18. Nf2 Ndf6 19. b4 axb4 20. Bxb4 Rf7 21. h3 h5 22. g3 Rfa7 23. O-O Nc7 24. Kh2 Qe7 25. Rg1 Bd7 26. Kg2 Qf7 27. h4 Ng4 28. Nh3 Ne6 29. Bxg4 fxg4 30. Ng5 Nxg5 31. hxg5 1/2-1/2

[Event "Bamberg-Open 2019"]
[Site "Bamberg"]
[Date "2019.05.30"]
[Round "2.4"]
[White "Hacker, Jonas"]
[Black "Schnicke, Robert"]
[Result "1-0"]
[ECO "C11"]
[WhiteElo "2386"]
[BlackElo "2127"]
[Annotator "ChessBase"]
[PlyCount "109"]
[EventDate "2019.05.12"]
[EventType "swiss"]
[EventCountry "GER"]
[SourceTitle "playchess.com"]
[Source "ChessBase"]
[SourceQuality "1"]
[TimeControl "40/5400+30:900+30"]

1. e4 e6 2. d4 d5 3. Nc3 Nf6 4. e5 Nfd7 5. f4 c5 6. Nf3 Nc6 7. Be3 Qa5 8. a3 c4 9. g4 Be7 10. Bg2 b5 11. f5 Nb6 12. Bd2 Qa6 13. fxe6 Bxe6 14. h3 Rd8 15. O-O h6 16. Ne2 Qc8 17. Nf4 a5 18. c3 Qd7 19. Nh5 Kf8 20. Qe1 Re8 21. Nh4 Bxh4 22. Qxh4 Qd8 23. Qf2 Kg8 24. Qg3 Ne7 25. Bf3 Ng6 26. Bd1 Nd7 27. Bc2 Ndf8 28. Qf2 Qc8 29. Kh1 Qb7 30. Bf5 Qd7 31. Kh2 Qe7 32. a4 b4 33. cxb4 axb4 34. Bxb4 Qb7 35. Bc5 Rc8 36. Bd6 c3 37. b4 Nh7 38. h4 c2 39. Rac1 Ngf8 40. Nf4 Ng5 41. Nxe6 Nfxe6 42. Rxc2 Rxc2 43. Qxc2 Nxd4 44. Qc8+ Qxc8 45. Bxc8 Ngf3+ 46. Kg3 Nd2 47. Rd1 Ne4+ 48. Kg2 Ne2 49. a5 g6 50. a6 Kh7 51. Bb7 N4c3 52. Rd2 d4 53. a7 Nc1 54. Rxd4 Nb5 55. Rd1 1-0

[Event "Bamberg-Open 2019"]
[Site "Bamberg"]
[Date "2019.05.30"]
[Round "2.5"]
[White "Ziegenfuss, Antonia"]
[Black "Langheinrich, Ferenc"]
[Result "0-1"]
[ECO "A50"]
[WhiteElo "2111"]
[BlackElo "2379"]
[Annotator "ChessBase"]
[PlyCount "60"]
[EventDate "2019.05.12"]
[EventType "swiss"]
[EventCountry "GER"]
[SourceTitle "playchess.com"]
[Source "ChessBase"]
[SourceQuality "1"]
[TimeControl "40/5400+30:900+30"]

1. d4 Nf6 2. c4 b6 3. Nc3 Bb7 4. f3 d5 5. cxd5 Nxd5 6. e4 Nxc3 7. bxc3 e6 8. Bc4 c5 9. Ne2 cxd4 10. cxd4 Bb4+ 11. Bd2 Bxd2+ 12. Qxd2 O-O 13. O-O Nc6 14. Rfd1 Na5 15. Bd3 Qd6 16. Qg5 h6 17. Qg4 Rac8 18. e5 Qe7 19. Ng3 Qg5 20. Qxg5 hxg5 21. Rf1 Rfd8 22. Ne2 Nc6 23. f4 Nxd4 24. fxg5 Nf3+ 25. gxf3 Rxd3 26. Nf4 Rd4 27. Ng2 Rc5 28. f4 Rc2 29. Rf2 Rxf2 30. Kxf2 Rd2+ 0-1

[Event "Bamberg-Open 2019"]
[Site "Bamberg"]
[Date "2019.05.30"]
[Round "2.6"]
[White "Kurayan, Ruslan"]
[Black "Schliebener, Stephan"]
[Result "1/2-1/2"]
[ECO "B43"]
[WhiteElo "2374"]
[BlackElo "2117"]
[Annotator "ChessBase"]
[PlyCount "55"]
[EventDate "2019.05.12"]
[EventType "swiss"]
[EventCountry "GER"]
[SourceTitle "playchess.com"]
[Source "ChessBase"]
[SourceQuality "1"]
[TimeControl "40/5400+30:900+30"]

1. e4 c5 2. Nf3 e6 3. d4 cxd4 4. Nxd4 a6 5. Nc3 b5 6. Be3 Bb7 7. f3 Qc7 8. Qd2 Nf6 9. O-O-O Bb4 10. Kb1 O-O 11. g4 d5 12. e5 Nfd7 13. f4 Nc5 14. Bd3 Na4 15. Rdf1 Bxc3 16. bxc3 Nxc3+ 17. Kb2 b4 18. Ra1 Nd7 19. a3 a5 20. Rhf1 Nc5 21. axb4 axb4 22. Nb3 Nxb3 23. cxb3 Rxa1 24. Rxa1 Rc8 25. Bd4 h6 26. Rc1 Qa5 27. Ra1 Qc7 28. Rc1 1/2-1/2

[Event "Bamberg-Open 2019"]
[Site "Bamberg"]
[Date "2019.05.30"]
[Round "2.7"]
[White "Kunath, Tim"]
[Black "Hirneise, Jens"]
[Result "0-1"]
[ECO "B56"]
[WhiteElo "2103"]
[BlackElo "2375"]
[Annotator "ChessBase"]
[PlyCount "90"]
[EventDate "2019.05.12"]
[EventType "swiss"]
[EventCountry "GER"]
[SourceTitle "playchess.com"]
[Source "ChessBase"]
[SourceQuality "1"]
[TimeControl "40/5400+30:900+30"]

1. e4 c5 2. Nf3 d6 3. d4 cxd4 4. Nxd4 Nf6 5. Nc3 Bd7 6. Bg5 e6 7. Qd2 h6 8. Bxf6 Qxf6 9. Ndb5 Bxb5 10. Bxb5+ Nc6 11. O-O Be7 12. Rae1 O-O 13. f4 Qd4+ 14. Qxd4 Nxd4 15. Bd3 Rfc8 16. Rf2 a6 17. Nd1 b5 18. c3 Nc6 19. Ne3 b4 20. c4 Bf6 21. Kf1 a5 22. Rd2 a4 23. Bb1 a3 24. b3 Bc3 25. Rxd6 Bxe1 26. Kxe1 Na5 27. Bc2 Rd8 28. Rb6 Rab8 29. Ra6 Nb7 30. Rc6 Rdc8 31. Rxc8+ Rxc8 32. Ng4 Kf8 33. Ne5 Nc5 34. Ke2 f6 35. Nf3 g5 36. g3 gxf4 37. gxf4 Ke7 38. Kf2 Rd8 39. Ke3 Rg8 40. Kf2 Rg4 41. Nd4 Rxf4+ 42. Kg3 e5 43. Nc6+ Ke6 44. Nxb4 Nxe4+ 45. Kg2 Nc3 0-1

[Event "Bamberg-Open 2019"]
[Site "Bamberg"]
[Date "2019.05.30"]
[Round "2.8"]
[White "Scholz, Christian"]
[Black "Jergler, Karl-Heinz"]
[Result "1-0"]
[ECO "D83"]
[WhiteElo "2372"]
[BlackElo "2099"]
[Annotator "ChessBase"]
[PlyCount "61"]
[EventDate "2019.05.12"]
[EventType "swiss"]
[EventCountry "GER"]
[SourceTitle "playchess.com"]
[Source "ChessBase"]
[SourceQuality "1"]
[TimeControl "40/5400+30:900+30"]

1. d4 Nf6 2. c4 g6 3. Nc3 d5 4. Bf4 Bg7 5. e3 O-O 6. Rc1 c5 7. dxc5 Na6 8. cxd5 Nxc5 9. Bc4 Qa5 10. a3 Nce4 11. Nge2 Nxc3 12. Nxc3 Ne4 13. Qb3 Nxc3 14. bxc3 Bf5 15. O-O Qc5 16. Rfd1 Rac8 17. Be2 Rfd8 18. Bf3 b5 19. e4 Bd7 20. Be2 a5 21. Be3 Qd6 22. Bxb5 Bxb5 23. Qxb5 Qxa3 24. Bb6 Rf8 25. c4 Bc3 26. c5 Bb4 27. c6 Qa2 28. Qd3 Qb2 29. Bd4 Qa3 30. Qc2 Bd6 31. e5 1-0

[Event "Bamberg-Open 2019"]
[Site "Bamberg"]
[Date "2019.05.30"]
[Round "2.9"]
[White "Sukaylo, Aleksey"]
[Black "Gegenfurtner, Juergen"]
[Result "0-1"]
[ECO "C54"]
[WhiteElo "2097"]
[BlackElo "2323"]
[Annotator "ChessBase"]
[PlyCount "68"]
[EventDate "2019.05.12"]
[EventType "swiss"]
[EventCountry "GER"]
[SourceTitle "playchess.com"]
[Source "ChessBase"]
[SourceQuality "1"]
[TimeControl "40/5400+30:900+30"]

1. e4 e5 2. Nf3 Nc6 3. Bc4 Bc5 4. c3 Nf6 5. d4 exd4 6. cxd4 Bb4+ 7. Bd2 Nxe4 8. Bxb4 Nxb4 9. Bxf7+ Kxf7 10. Qb3+ Kf8 11. Qxb4+ Qe7 12. Qa3 Nf6+ 13. Qxe7+ Kxe7 14. Nc3 d6 15. h3 Bd7 16. O-O-O Rae8 17. Ng5 Rhf8 18. f3 h6 19. Nge4 Nh5 20. b4 Kd8 21. Kb2 Nf4 22. Rd2 b6 23. d5 g5 24. Nd1 Bf5 25. Ndc3 Re5 26. Rhd1 a6 27. a3 Bh7 28. Kb3 Bg8 29. b5 axb5 30. Kb4 Kd7 31. Kxb5 Nxd5 32. Nxd5 Bxd5 33. Kb4 Bxe4 34. Re1 Rd5 0-1

[Event "Bamberg-Open 2019"]
[Site "Bamberg"]
[Date "2019.05.30"]
[Round "2.10"]
[White "Troyke, Christian"]
[Black "Schenk, Alexander"]
[Result "0-1"]
[ECO "A14"]
[WhiteElo "2328"]
[BlackElo "2096"]
[Annotator "ChessBase"]
[PlyCount "108"]
[EventDate "2019.05.12"]
[EventType "swiss"]
[EventCountry "GER"]
[SourceTitle "playchess.com"]
[Source "ChessBase"]
[SourceQuality "1"]
[TimeControl "40/5400+30:900+30"]

1. g3 d5 2. Bg2 Nf6 3. c4 e6 4. Nf3 Be7 5. O-O O-O 6. b3 c5 7. e3 Nc6 8. Bb2 d4 9. exd4 cxd4 10. d3 Ne8 11. Na3 e5 12. Nc2 f6 13. Qd2 a5 14. Rab1 Nc7 15. a3 Na6 16. Ba1 Qd6 17. Qe2 f5 18. b4 axb4 19. axb4 Naxb4 20. Nxb4 Nxb4 21. Nxe5 Bf6 22. f4 Ra2 23. Rb2 Rxb2 24. Bxb2 Nc6 25. Bd5+ Be6 26. Ba3 Qxa3 27. Bxe6+ Kh8 28. Ng6+ hxg6 29. Qg2 Bh4 30. gxh4 Qe7 31. Bd5 Nb4 32. Bxb7 Qe3+ 33. Kh1 Qxd3 34. Rg1 Qxc4 35. h5 Qc7 36. hxg6 Kg8 37. Rb1 Re8 38. Bd5+ Kf8 39. Bf7 Re4 40. Qh3 Qc6 41. Qh8+ Ke7 42. Qh4+ Kd7 43. Kg1 d3 44. Qf2 Kd6 45. Qh4 Qb6+ 46. Kh1 Re2 47. Qg3 Qc6+ 48. Kg1 Qc5+ 49. Kh1 d2 50. Rd1 Qc1 51. Bb3 Qc6+ 52. Kg1 Qe4 53. Kf1 Nd3 54. Bc2 Re1+ 0-1

[Event "Bamberg-Open 2019"]
[Site "Bamberg"]
[Date "2019.05.30"]
[Round "2.11"]
[White "Spitzl, Vinzent"]
[Black "Fiedorek, Michal"]
[Result "1-0"]
[ECO "B54"]
[WhiteElo "2263"]
[BlackElo "2088"]
[Annotator "ChessBase"]
[PlyCount "103"]
[EventDate "2019.05.12"]
[EventType "swiss"]
[EventCountry "GER"]
[SourceTitle "playchess.com"]
[Source "ChessBase"]
[SourceQuality "1"]
[TimeControl "40/5400+30:900+30"]

1. e4 c5 2. Nf3 d6 3. d4 cxd4 4. Nxd4 Nf6 5. f3 e5 6. Nb3 Be7 7. c4 a5 8. Be3 a4 9. N3d2 O-O 10. Nc3 Qa5 11. Ndb1 Be6 12. Qd2 Rc8 13. Na3 Ne8 14. Nd5 Bd8 15. Bd3 Nd7 16. Qxa5 Bxa5+ 17. Ke2 Kf8 18. Rac1 Bxd5 19. cxd5 Bb4 20. Bb5 Nef6 21. g4 Bxa3 22. bxa3 Ke7 23. Kd2 Nc5 24. Rc4 Nfd7 25. Bxd7 Kxd7 26. Rb1 Rc7 27. Bxc5 dxc5 28. Rb5 Ra6 29. Rc2 g5 30. Kd3 Rf6 31. Ke3 Rh6 32. Ra5 Rb6 33. Rxa4 Rb1 34. Rac4 Rh1 35. a4 b6 36. Rb2 Ra7 37. Rxb6 Rxh2 38. a3 Ra2 39. Rb3 Kd6 40. Rb6+ Kd7 41. Rxc5 Rxa3+ 42. Kf2 R3xa4 43. Rcb5 Ra2+ 44. Kg3 R7a6 45. Rb7+ Ke8 46. Rb8+ Ke7 47. R5b7+ Kf6 48. Rf8 Kg6 49. Rfxf7 Rd2 50. Rg7+ Kh6 51. Rxh7+ Kg6 52. Rbg7+ 1-0

[Event "Bamberg-Open 2019"]
[Site "Bamberg"]
[Date "2019.05.30"]
[Round "2.12"]
[White "Weishaeutel, Moritz"]
[Black "Lohvinov, Petro"]
[Result "1/2-1/2"]
[ECO "B42"]
[WhiteElo "2252"]
[BlackElo "2086"]
[Annotator "ChessBase"]
[PlyCount "65"]
[EventDate "2019.05.12"]
[EventType "swiss"]
[EventCountry "GER"]
[SourceTitle "playchess.com"]
[Source "ChessBase"]
[SourceQuality "1"]
[TimeControl "40/5400+30:900+30"]

1. e4 c5 2. Nf3 e6 3. d4 cxd4 4. Nxd4 a6 5. Bd3 Bc5 6. Nb3 Be7 7. Qg4 g6 8. Qe2 d6 9. O-O Nd7 10. Nc3 Qc7 11. a4 b6 12. Bf4 Bb7 13. Rad1 Ne5 14. h3 Nf6 15. Bh6 Bf8 16. Bxf8 Kxf8 17. f4 Nxd3 18. cxd3 Kg7 19. d4 Rac8 20. e5 Nd5 21. Ne4 Qc2 22. Qxc2 Rxc2 23. Rd2 Rxd2 24. Nbxd2 Rc8 25. b3 Rc2 26. exd6 Nf6 27. Nxf6 Rxd2 28. Nd5 Bxd5 29. d7 Rxg2+ 30. Kh1 Rf2+ 31. Kg1 Rg2+ 32. Kh1 Rf2+ 33. Kg1 1/2-1/2

[Event "Bamberg-Open 2019"]
[Site "Bamberg"]
[Date "2019.05.30"]
[Round "2.13"]
[White "Stauch, Edgar"]
[Black "Hausmann, Kai"]
[Result "1-0"]
[ECO "A38"]
[WhiteElo "2207"]
[BlackElo "2057"]
[Annotator "ChessBase"]
[PlyCount "52"]
[EventDate "2019.05.12"]
[EventType "swiss"]
[EventCountry "GER"]
[SourceTitle "playchess.com"]
[Source "ChessBase"]
[SourceQuality "1"]
[TimeControl "40/5400+30:900+30"]

1. c4 Nf6 2. g3 g6 3. Bg2 Bg7 4. Nc3 c5 5. Nf3 Nc6 6. d4 O-O 7. d5 Nb8 8. O-O d6 9. e4 b5 10. cxb5 a6 11. bxa6 Rxa6 12. h3 Nbd7 13. Re1 Bb7 14. Nd2 Nb6 15. Bf1 Nfd7 16. a4 Qa8 17. Bxa6 Bxa6 18. a5 Nc8 19. Nf3 Qb7 20. Ra3 Na7 21. Rb3 Qc7 22. Bg5 c4 23. Rb4 Nc5 24. Rb6 Nc8 25. Rc6 Qd7 26. Be3 Qd8 1-0

[Event "Bamberg-Open 2019"]
[Site "Bamberg"]
[Date "2019.05.30"]
[Round "2.14"]
[White "Syed, Tareq"]
[Black "Chennaoui, Yasin"]
[Result "0-1"]
[ECO "A21"]
[WhiteElo "2001"]
[BlackElo "2184"]
[Annotator "ChessBase"]
[PlyCount "84"]
[EventDate "2019.05.12"]
[EventType "swiss"]
[EventCountry "GER"]
[SourceTitle "playchess.com"]
[Source "ChessBase"]
[SourceQuality "1"]
[TimeControl "40/5400+30:900+30"]

1. d3 d6 2. g3 g6 3. Bg2 Bg7 4. c4 e5 5. Nc3 Ne7 6. Rb1 a5 7. a3 O-O 8. h4 h6 9. Bd2 c6 10. Qc1 Kh7 11. Nf3 Bg4 12. Nh2 Be6 13. Nf3 Bg4 14. Nh2 Be6 15. Nf3 f6 16. Ne4 Qd7 17. c5 d5 18. Nc3 Qc7 19. Na4 Nd7 20. d4 Bf5 21. Ra1 Be4 22. dxe5 Bxf3 23. Bxf3 fxe5 24. O-O e4 25. Bg4 Ne5 26. Bh3 Nf5 27. Nb6 Rae8 28. Bxf5 gxf5 29. Bf4 Qf7 30. Qe1 Rg8 31. Qxa5 Bf6 32. Kg2 Rg4 33. Rh1 Reg8 34. Qd2 Ng6 35. Bxh6 f4 36. Bg5 fxg3 37. fxg3 Be5 38. Rh3 Nf4+ 39. Bxf4 Bxf4 40. Qd4 Rxg3+ 41. Rxg3 Rxg3+ 42. Kh1 Qf5 0-1

[Event "Bamberg-Open 2019"]
[Site "Bamberg"]
[Date "2019.05.30"]
[Round "2.15"]
[White "Delitzsch, Juergen"]
[Black "Schreiter, Thomas"]
[Result "1-0"]
[ECO "C05"]
[WhiteElo "2175"]
[BlackElo "1982"]
[Annotator "ChessBase"]
[PlyCount "85"]
[EventDate "2019.05.12"]
[EventType "swiss"]
[EventCountry "GER"]
[SourceTitle "playchess.com"]
[Source "ChessBase"]
[SourceQuality "1"]
[TimeControl "40/5400+30:900+30"]

1. e4 e6 2. d4 d5 3. Nd2 Nf6 4. e5 Nfd7 5. Bd3 c5 6. c3 Nc6 7. Ne2 Qb6 8. Nf3 cxd4 9. cxd4 Be7 10. O-O f6 11. exf6 Nxf6 12. a3 Bd7 13. b4 Rc8 14. Be3 Nd8 15. Rc1 Rxc1 16. Qxc1 Bb5 17. Bxb5+ Qxb5 18. Nc3 Qb6 19. Re1 O-O 20. Bg5 Bd6 21. Qb1 Qc6 22. Rc1 Qe8 23. h3 Qh5 24. Nb5 Bb8 25. Rc8 Nc6 26. Rxf8+ Kxf8 27. Qc1 a6 28. Bxf6 gxf6 29. Qc5+ Kg7 30. Nd6 Bxd6 31. Qxd6 Qf7 32. Qg3+ Qg6 33. Qc7+ Qf7 34. Qg3+ Qg6 35. Qd6 Qf7 36. g4 Ne7 37. h4 Nc8 38. Qb8 Qd7 39. g5 Nd6 40. gxf6+ Kxf6 41. Qf8+ Nf7 42. Ne5 Qe7 43. Ng4+ {[%emt 0:00:44] Qd7 Ne5} 1-0

[Event "Bamberg-Open 2019"]
[Site "Bamberg"]
[Date "2019.05.30"]
[Round "2.16"]
[White "Berghof, Axel"]
[Black "Hoekstra, Peter"]
[Result "1-0"]
[ECO "E81"]
[WhiteElo "2155"]
[BlackElo "1979"]
[Annotator "ChessBase"]
[PlyCount "113"]
[EventDate "2019.05.12"]
[EventType "swiss"]
[EventCountry "GER"]
[SourceTitle "playchess.com"]
[Source "ChessBase"]
[SourceQuality "1"]
[TimeControl "40/5400+30:900+30"]

1. d4 Nf6 2. c4 g6 3. Nc3 Bg7 4. e4 d6 5. f3 O-O 6. Be3 c5 7. dxc5 dxc5 8. Qxd8 Rxd8 9. Bxc5 Nc6 10. Nge2 Nd7 11. Ba3 Nde5 12. Nf4 b6 13. Rd1 Ba6 14. Nfd5 Bxc4 15. Bxe7 Rxd5 16. Rxd5 Nxe7 17. Rxe5 Bxf1 18. Rxe7 Bxg2 19. Rg1 Bf6 20. Rb7 Bh3 21. f4 Bh4+ 22. Kd2 Rd8+ 23. Kc2 Bf2 24. Rg5 Be6 25. Rg2 Be3 26. f5 Bc4 27. Nd5 Bxd5 28. exd5 Rxd5 29. fxg6 hxg6 30. Rxa7 Bc5 31. Rb7 Rd6 32. a3 Rc6 33. Kb3 f5 34. Ka4 f4 35. Rc2 f3 36. b4 f2 37. Rc1 Be7 38. Rf1 Bh4 39. Rd7 Re6 40. Rd2 Kf7 41. Rfxf2+ Bxf2 42. Rxf2+ Ke7 43. Kb5 g5 44. a4 g4 45. Rg2 Re4 46. a5 bxa5 47. Kxa5 Kd6 48. Rc2 Re3 49. Kb6 g3 50. hxg3 Rxg3 51. Rd2+ Ke7 52. b5 Rb3 53. Kc6 Rc3+ 54. Kb7 Rb3 55. b6 Rb1 56. Kc7 Rc1+ 57. Kb8 1-0